AoeStats
← Atlas

Arabia

506505517Analyzed
4v4 RM · 17d ago on Sep 13, 2026· 36m 51s· 8 players
Game mode
Random Map
Map size
Large (8 player)
Population
200
Speed
Normal
Resources
Standard
Victory
Conquest
Starting age
Dark Age
Ending age
Imperial Age
RankedLock teamsTeams togetherTeam positionsShared explorationLock speedFull tech treeHidden civsTurbo modeCheats
Victory
Defeat
🇺🇸 Gurjaras · United States
773
+11
🇺🇸 Italians · United States
757
+11
🇺🇸 Celts · United States
721
+13
🇬🇧 Mongols · United Kingdom
636
+15
🇺🇸 Vietnamese · United States
682
-14
🇺🇸 Ethiopians · United States
667
-13
🇺🇸 Franks · United States
653
-13
🇹🇷 Huns · Türkiye
586
-10
Cloud-G
10:58 Feudal Age
14:55 Fletching
24:41 Castle Age
24:01 Padded Archer Armor
23:26 Man-at-Arms
25:32 Crossbowman
29:30 Horse Collar
gubii
0:39 Loom
13:08 Feudal Age
13:47 Double-Bit Axe
15:20 Man-at-Arms
18:11 Wheelbarrow
17:32 Horse Collar
23:59 Castle Age
22:16 Scale Mail Armor
24:22 Scale Barding Armor
25:32 Husbandry
24:57 Pikeman
25:50 Bloodlines
26:01 Squires
25:24 Elite Skirmisher
26:07 Heavy Plow
27:04 Gold Mining
28:07 Padded Archer Armor
29:31 Arson
29:40 Fletching
31:36 Marauders
35:04 Hand Cart
Atlas
9:02 Loom
11:04 Feudal Age
12:10 Double-Bit Axe
12:07 Horse Collar
19:49 Castle Age
27:39 Squires
27:24 Arson
27:33 Fletching
27:44 Padded Archer Armor
27:55 Forging
27:45 Scale Mail Armor
29:15 Bow Saw
uncleether0
13:07 Feudal Age
18:24 Castle Age
CHAOS2247
6:53 Loom
11:20 Feudal Age
11:52 Double-Bit Axe
11:51 Horse Collar
12:12 Stone Mining
21:08 Castle Age
20:46 Fletching
21:08 Forging
21:20 Padded Archer Armor
24:50 Wheelbarrow
31:10 Elite Skirmisher
34:45 Light Cavalry
SodiPrime
7:00 Loom
10:36 Feudal Age
11:52 Gold Mining
14:11 Double-Bit Axe
14:17 Horse Collar
16:36 Wheelbarrow
17:36 Padded Archer Armor
17:55 Stone Mining
19:22 Fletching
25:11 Castle Age
26:17 Bow Saw
26:12 Heavy Plow
26:52 Stone Shaft Mining
26:48 Bodkin Arrow
27:19 Leather Archer Armor
31:00 Hand Cart
31:01 Town Watch
33:35 Town Patrol
39:18 Imperial Age
Walkdog38
0:27 Loom
13:07 Feudal Age
14:34 Horse Collar
15:45 Double-Bit Axe
20:49 Castle Age
18:45 Stone Mining
18:47 Gold Mining
19:40 Stone Mining
22:29 Stone Shaft Mining
22:08 Bow Saw
22:07 Heavy Plow
22:46 Gold Shaft Mining
22:53 Wheelbarrow
24:52 Hand Cart
26:43 Pikeman
32:57 Town Watch
33:30 Stronghold
34:02 Town Patrol
36:35 Forging
36:16 Fletching
36:26 Padded Archer Armor
36:27 Scale Mail Armor
36:33 Scale Barding Armor
Juggsgotcha2711
1:42 Loom
12:19 Feudal Age
13:41 Wheelbarrow
13:10 Double-Bit Axe
18:39 Town Watch
19:11 Gold Mining
31:08 Bloodlines
31:20 Horse Collar
34:46 Castle Age
34:25 Forging
34:21 Scale Barding Armor
35:19 Fletching
36:26 Bow Saw
36:56 Iron Casting
36:18 Bodkin Arrow
36:45 Chain Barding Armor
Connection lost

Rejoining the realm…

Still unreachable

The connection could not be restored.

Session expired

The server has moved on; the page needs a fresh start.